 Dungeon Crawl Stone Soup version 0.22-a0-322-g60b3cfd (webtiles) character file.

472080 xccam the Tortoise (level 24, -1/191 HPs)
             Began as a Gnoll Wanderer on Apr 4, 2018.
             Was the Champion of Cheibriados.
             Slain by an ancient lich (3 damage)
             ... on level 5 of the Vaults on Apr 5, 2018.
             The game lasted 02:45:30 (44374 turns).

xccam the Tortoise (Gnoll Wanderer)                Turns: 44374, Time: 02:45:31

Health: -1/191     AC: 32    Str: 39    XL:     24   Next: 69%
Magic:  46/51      EV: 28    Int: 22    God:    Cheibriados [******]
Gold:   6753       SH: 25    Dex: 40    Spells: 26/54 levels left

rFire    + + +     SeeInvis +   b - +12 war axe of the Original Sin {freeze, Str+2 Dex+2}
rCold    + + .     Gourm    .   T - +2 shield {rF+}
rNeg     + . .     Faith    .   z - +6 plate armour of Yredelemnul's Favour {rElec MP+9 Int-5 Dex+2}
rPois    .         Spirit   .   w - +2 hat {SInv}
rElec    +         Reflect  +   e - scarf {rC+ rF+}
rCorr    .         Harm     .   R - +0 pair of gloves {archery}
MR       +....                  H - +1 pair of boots
Stlth    +++.......             Z - +4 amulet of reflection
HPRegen  0.81/turn              G - ring of protection from cold
MPRegen  0.32/turn              o - ring of Darkness {rF+ rN+ Int+3}

@: marked, slowed, very slow
A: distributed training, fangs 1, hooves 1, slimy green scales 1, blink, blurry
vision 2, dopey 2, regeneration 1, evolution 1, MP-powered wands, strong nose
}: 2/15 runes: decaying, gossamer
a: Blink, Bend Time, Temporal Distortion, Slouch, Step From Time, Renounce
Religion


You were on level 5 of the Vaults.
You worshipped Cheibriados.
Cheibriados was exalted by your worship.
You were not hungry.

You visited 8 branches of the dungeon, and saw 40 of its levels.
You visited the Abyss 4 times.
You also visited: Labyrinth, Bailey, Ice Cave and Wizlab.

You collected 6977 gold pieces.
You spent 224 gold pieces at shops.

Inventory:

Hand Weapons
 b - the +12 war axe of the Original Sin (weapon) {freeze, Str+2 Dex+2}
   (You found it on level 1 of the Lair of Beasts)

   It has been specially enchanted to freeze those struck by it, causing extra
   injury to most foes and up to half again as much damage against particularly
   susceptible opponents.
   It can also slow down cold-blooded creatures.
   It affects your strength (+2).
   It affects your dexterity (+2).
 W - the +7 scimitar of Umase {pain, rElec Str+8}
   (You found it on level 3 of the Spider Nest)

   In the hands of one skilled in necromantic magic, it inflicts extra damage on
   living creatures.
   It affects your strength (+8).
   It insulates you from electricity.
Missiles
 u - 33 javelins (quivered)
Armour
 e - a scarf of resistance (worn)
 w - a +2 hat of see invisible (worn)
 y - the +2 helmet of Somewhere Else {*Drain rElec rF+}
   (You acquired it on level 15 of the Dungeon)

   It protects you from fire.
   It insulates you from electricity.
   It causes draining when unequipped.
 z - the +6 plate armour of Yredelemnul's Favour (worn) {rElec MP+9 Int-5 Dex+2}
   (You acquired it on level 6 of the Lair of Beasts)

   It affects your intelligence (-5).
   It affects your dexterity (+2).
   It insulates you from electricity.
   It affects your magic capacity (+9).
 H - a +1 pair of boots (worn)
 R - a +0 pair of gloves of archery (worn)
 T - a +2 shield of fire resistance (worn)
Jewellery
 i - an uncursed ring of resist corrosion
 j - an uncursed ring of protection from magic
 o - the ring of Darkness (right hand) {rF+ rN+ Int+3}
   (You found it on level 6 of the Lair of Beasts)

   [ring of protection from fire]

   It affects your intelligence (+3).
   It protects you from fire.
   It protects you from negative energy.
 C - the amulet of Agyl {Acrobat rPois rF+}
   (You found it on level 4 of the Swamp)

   [amulet of the acrobat]

   It helps you evade while moving and waiting.
   It protects you from fire.
   It protects you from poison.
 G - a ring of protection from cold (left hand)
 U - an uncursed ring of positive energy
 V - an uncursed ring of poison resistance
 Z - a +4 amulet of reflection (around neck)
Wands
 h - a wand of scattershot (9)
 l - a wand of acid (34)
 p - a wand of iceblast (22)
 v - a wand of disintegration (42)
 B - a wand of digging (39)
 S - a wand of clouds (6)
Scrolls
 a - a scroll of brand weapon
 c - 9 scrolls of fog
 f - 20 scrolls of teleportation
 g - 18 scrolls of remove curse
 q - 3 scrolls of fear
 r - 6 scrolls of identify
 s - 6 scrolls of blinking
 t - 6 scrolls of immolation
 A - 2 scrolls of magic mapping
 E - 8 scrolls of amnesia
 N - 2 scrolls of holy word
 O - 3 scrolls of silence
 X - 5 scrolls of enchant weapon
Potions
 k - a potion of ambrosia
 m - 2 potions of resistance
 n - 4 potions of cancellation
 x - 7 potions of curing
 D - 3 potions of might
 F - 7 potions of lignification
 J - 6 potions of flight
 K - 3 potions of magic
 M - 9 potions of heal wounds
 P - 5 potions of agility
 Y - 3 potions of mutation
Miscellaneous
 L - 5 phantom mirrors
Comestibles
 d - 52 rations


   Skills:
 + Level 15.8 Fighting
 + Level 15.6 Short Blades
 + Level 15.6 Long Blades
 + Level 15.6 Axes
 + Level 16.6 Maces & Flails
 + Level 15.6 Polearms
 + Level 15.6 Staves
 + Level 15.6 Slings
 + Level 15.6 Bows
 + Level 15.6 Crossbows
 + Level 15.8 Throwing
 + Level 17.2 Armour
 + Level 15.6 Dodging
 + Level 15.6 Stealth
 + Level 15.6 Shields
 + Level 15.6 Unarmed Combat
 + Level 15.6 Spellcasting
 + Level 13.4 Conjurations
 + Level 13.4 Hexes
 + Level 13.4 Charms
 + Level 13.4 Summonings
 + Level 13.4 Necromancy
 + Level 13.4 Translocations
 + Level 13.4 Transmutations
 + Level 13.4 Fire Magic
 + Level 13.4 Ice Magic
 + Level 13.4 Air Magic
 + Level 13.4 Earth Magic
 + Level 13.4 Poison Magic
 + Level 16.8 Invocations
 + Level 15.8 Evocations


You had 26 spell levels left.
You knew the following spells:

 Your Spells              Type           Power        Failure   Level  Hunger
a - Apportation           Tloc           ######       1%          1    None
b - Summon Lightning Spi  Summ/Air       ######..     1%          4    None
c - Lee's Rapid Deconstr  Erth           ######....   1%          5    ##.....
d - Fireball              Conj/Fire      ######....   1%          5    ##.....
e - Borgnjor's Vile Clut  Necr/Erth      ######....   1%          5    ##.....
f - Regeneration          Chrm/Necr      ######....   1%          3    None
g - Aura of Abjuration    Summ           ######....   1%          5    ##.....


Dungeon Overview and Level Annotations

Branches:
Dungeon (15/15)            Temple (1/1) D:5            Lair (6/6) D:9
  Swamp (4/4) Lair:3       Spider (4/4) Lair:3        Slime (0/5) Lair:6
    Orc (2/2) D:10            Elf (3/3) Orc:2        Vaults (5/5) D:14
  Crypt (0/3) Vaults:3     Depths (0/5) D:15

Altars:
Cheibriados
Dithmenos
Elyvilon
Fedhas
Hepliaklqana
Kikubaaqudgha
Nemelex Xobeh
Okawaru
Ru
Sif Muna
Trog
Uskayaw
Vehumet
Wu Jian
Xom
Yredelemnul
Zin
The Shining One
Beogh

Shops:
D:5 *   Orc:2 :%!(   Elf:1 (   Elf:3 !   Vaults:2 }   Vaults:3 :   Vaults:4 =

Portals:
Trove: Elf:3 (give 15 potions of curing)

Annotations:
Swamp:4 Lernaean hydra


Innate Abilities, Weirdness & Mutations

Your experience applies equally to all skills.
You have very sharp teeth.
Your uncanny sense of smell can sniff out nearby items.
You have large cloven feet.
You are partially covered in slimy green scales. (AC +2)
You can translocate small distances at will.
Scrolls take you longer to read.
You are very dopey. (Int -4)
Your natural rate of healing is unusually fast.
You evolve.
You expend magic power (3 MP) to strengthen your wands.


Message History

The ancient lich is lightly damaged.
You closely miss the vault warden.
You hit the Brimstone Fiend but do no damage.
The ancient lich closely misses you. The Brimstone Fiend closely misses you.
The Brimstone Fiend misses you. You block the Brimstone Fiend's attack.
The vault warden hits you with a great sword of flaming!
A two-headed ogre and a vault warden come into view.
The vault warden is wielding an antimagic hand axe.
You can feel time thicken for a moment.
You feel somewhat more hungry.
The ancient lich points at you and mumbles some strange words.
The lance of force hits you!
* * * LOW HITPOINT WARNING * * *
You are knocked back by the lance of force.
You collide with the vault warden!
The vault warden dies!
* * * LOW HITPOINT WARNING * * *
You block the Brimstone Fiend's attack.
The Brimstone Fiend hits you but does no damage.
You block the Brimstone Fiend's attack. The ancient lich touches you.
You die...

########################
.........)))...).1p.....
..........O..).)@L1.....
####################....
.# . .# .# .# ... ..#


You could see an ancient lich, a Tzitzimitl, a Brimstone Fiend, a vault warden
and a two-headed ogre.

Vanquished Creatures
  An ancient lich (Abyss:4)
  Bai Suzhen (Elf:3)
  A bone dragon (Abyss:2)
  A profane servitor (Abyss:4)
  Arachne (Spider:3)
  Jorgrun (Swamp:2)
  2 liches
  2 tentacled monstrosities
  3 titans
  A moon troll (WizLab)
  A deep elf master archer (Elf:3)
  2 deep elf blademasters (Elf:3)
  Gastronok (D:8)
  An Executioner (Abyss:4)
  2 sphinxes
  11 tentacled starspawn
  Agnes (D:15)
  2 thorn hunters
  2 shadow dragons (Vaults:5)
  Kirke (Spider:1)
  A storm dragon (Vaults:4)
  Roxanne (D:15)
  3 fire giants
  6 deep elf sorcerers
  A draconian knight (Abyss:2)
  Aizul (Spider:1)
  5 frost giants
  11 vault wardens
  3 ghost moths (Spider:4)
  3 cacodemons
  An orc warlord (Vaults:5)
  Louise (D:15)
  5 emperor scorpions
  A balrug (Abyss:3)
  6 deep elf elementalists
  A very ugly thing (Swamp:3)
  25 ironheart preservers
  18 stone giants
  3 entropy weavers
  2 war gargoyles (WizLab)
  7 deep elf demonologists
  A dire elephant (D:15)
  A minotaur (Lab)
  4 deep elf annihilators (Elf:3)
  A spark wasp (Spider:4)
  6 ettins
  A blizzard demon (Abyss:4)
  4 deep elf death magi
  2 fire dragons
  3 crystal guardians
  Josephine (Orc:1)
  The ghost of EvilAshe the Basher, a journeyman CeGl of Okawaru (D:11)
  5 great orbs of eyes
  Erolcha (Orc:1)
  11 yaktaur captains
  3 rakshasas
  5 deep elf high priests
  2 ice dragons
  Fannar (Orc:1)
  2 ghost crabs
  21 hydras
  3 catoblepae
  30 vault guards
  21 dancing weapons
  10 alligators
  3 death knights
  11 ogre magi
  40 two-headed ogres
  3 centaur warriors
  8 death yaks (Lair:6)
  3 deep troll shamans
  3 deep troll earth magi
  2 orc high priests
  14 thrashing horrors
  The ghost of xccam the Cruncher, a novice GnWn of Cheibriados (D:9)
  A sun demon (Abyss:4)
  A titan skeleton (Abyss:3)
  6 wretched stars
  2 shadow wraiths
  18 deep elf knights
  2 sixfirhies
  2 hell knights
  3 skeletal warriors
  3 spatial maelstroms (Abyss:3)
  3 unseen horrors
  24 deep trolls
  2 spriggan druids (Swamp:4)
  5 shambling mangroves
  4 wizards
  8 deep elf archers
  7 glowing orange brains
  An orange crystal statue (WizLab)
  13 swamp dragons
  2 flayed ghosts
  17 ironbrand convokers
  A wolf spider zombie (D:14)
  15 orb spiders
  A phantasmal warrior (Vaults:3)
  49 deep elf magi
  2 oklob plants (Lair:5)
  21 orc knights
  An orc sorcerer (D:15)
  44 wolf spiders
  5 necromancers
  2 moths of wrath
  4 cyclopes
  4 worldbinders
  A salamander (D:15)
  12 ugly things
  A stone giant zombie (Abyss:2)
  11 elephants
  5 manticores
  6 black mambas
  Maurice (D:8)
  An elephant (shapeshifter) (Abyss:4)
  A water nymph (shapeshifter) (Vaults:4)
  An ice statue (Lair:6)
  Joseph (D:7)
  A rust devil (Abyss:4)
  7 smoke demons
  13 vault sentinels
  A centaur zombie (D:14)
  3 eyes of devastation (WizLab)
  An apocalypse crab (Abyss:4)
  2 gargoyles
  2 torpor snails
  9 spiny frogs
  An orange demon (Abyss:2)
  19 rime drakes
  11 komodo dragons
  17 yaktaurs
  5 efreet
  13 ancient zymes
  The ghost of PeterLawrence the Shield-Bearer, a novice GrFi (D:4)
  9 freezing wraiths
  2 ice devils (Orc:1)
  A hellwing (Abyss:2)
  13 demonic crawlers
  A kobold demonologist (D:14)
  A merfolk (D:15)
  3 hydra zombies (Swamp:3)
  31 jumping spiders
  6 meliai (D:15)
  7 tyrant leeches
  A queen bee (Lair:2)
  2 trolls (Orc:1)
  21 polar bears
  17 hornets
  13 hippogriffs
  A polar bear (shapeshifter) (D:13)
  39 slime creatures
  A raiju (shapeshifter) (Vaults:2)
  26 blink frogs
  19 bog bodies
  A dream sheep (shapeshifter) (Vaults:3)
  11 raiju
  2 fire giant simulacra
  A meliai zombie (D:12)
  A stone giant simulacrum (Vaults:3)
  3 air elementals
  27 flying skulls
  Sigmund (D:2)
  4 shadows
  3 ynoxinuls
  28 tarantellas
  A wyvern (shapeshifter) (Elf:1)
  13 wraiths
  58 redbacks
  6 fire bats
  4 spriggans (Swamp:4)
  6 wyverns
  4 basilisks
  46 yaks
  Grum (D:8)
  3 fire elementals
  A human (shapeshifter) (Vaults:2)
  7 neqoxecs
  2 chaos spawn
  8 steam dragons
  12 golden eyes (WizLab)
  A hog (shapeshifter) (D:14)
  5 hogs (Spider:1)
  29 vampire mosquitoes
  15 small abominations
  A yaktaur simulacrum (Vaults:3)
  15 large abominations
  10 hungry ghosts
  9 wargs
  2 spatial vortices (Abyss:3)
  14 swamp worms
  4 insubstantial wisps (Swamp:4)
  18 water moccasins
  4 acid dragons
  8 porcupines
  A sky beast (shapeshifter) (Vaults:1)
  7 ice beasts
  58 orc warriors
  A black bear (shapeshifter) (Vaults:4)
  84 starcursed masses
  3 sky beasts
  4 black bears
  16 swamp drakes
  An eye of draining (D:11)
  31 ogres
  25 wolves
  A boggart (Vaults:1)
  3 necrophages
  14 centaurs
  5 elf zombies (Elf:1)
  13 crocodiles
  A big kobold (D:9)
  4 earth elementals
  14 bullfrogs
  2 elf skeletons
  An elf simulacrum (Vaults:2)
  36 scorpions
  40 killer bees
  20 wights
  2 vampire bats (Lair:5)
  An electric eel (Lair:1)
  3 lava snakes (D:8)
  6 crimson imps
  3 howler monkeys
  4 quasits
  6 hounds
  4 human zombies
  4 jellies
  Crazy Yiuf (D:6)
  17 orc priests
  3 iron imps
  3 bullfrog skeletons
  3 centaur skeletons
  4 human skeletons (D:4)
  Jessica (D:2)
  Ijyb (D:5)
  11 worker ants
  Natasha (thrice) (D:4)
  9 iguanas
  24 orc wizards
  An ogre zombie (D:9)
  A crocodile zombie (Swamp:3)
  10 gnolls
  16 adders
  A shadow imp (D:8)
  3 white imps
  3 ufetubi
  2 oozes
  3 adder skeletons
  4 worms
  4 dart slugs
  5 leopard geckos
  96 orcs
  A ball python (D:3)
  11 bats
  9 giant cockroaches
  9 goblins
  12 hobgoblins
  8 jackals
  12 kobolds
  4 quokkas
  5 frilled lizards
  A leopard gecko skeleton (D:7)
  3 orc zombies
  2 quokka skeletons
  12 rats
  5 fungi
  8 plants
  10 starspawn tentacles
2153 creatures vanquished.

Vanquished Creatures (collateral kills)
  the Lernaean hydra (Swamp:4)
  2 two-headed ogres (Vaults:1)
  An orb spider (Spider:2)
  A vault sentinel (Vaults:1)
5 creatures vanquished.

Vanquished Creatures (others)
  A deep elf master archer (Elf:3)
  A tentacled starspawn (Abyss:4)
  A vault warden (Vaults:5)
  2 stone giants
  A yaktaur captain (Vaults:5)
  3 centaur warriors
  A large abomination (Abyss:4)
  A deep elf archer (Vaults:2)
  A deep elf mage (Elf:1)
  A cyclops (D:11)
  A freezing wraith (Vaults:4)
  6 yaktaurs
  A polar bear (IceCv)
  A blink frog (Swamp:2)
  5 dream sheep (D:8)
  2 spriggans
  A fire elemental (Elf:3)
  An orc warrior (Bailey)
  2 centaurs (D:14)
  2 small abominations (Abyss:4)
  An orc (Vaults:3)
  2 kobolds (D:9)
  2 demonic plants (WizLab)
  22 fungi
  A lurking horror (Abyss:3)
  A pillar of salt (Vaults:2)
  15 plants
  25 starspawn tentacles
104 creatures vanquished.

Grand Total: 2262 creatures vanquished

Notes
Turn   | Place    | Note
-------+----------+-------------------------------------------
     0 | D:1      | xccam the Gnoll Wanderer began the quest for the Orb.
     0 | D:1      | xccam set off with: a +2 scale mail, a +0 mace, a potion of lignification, a ration
     0 | D:1      | Reached XP level 1. HP: 17/17 MP: 2/2
    76 | D:1      | Reached XP level 2. HP: 23/23 MP: 3/3
   286 | D:1      | Reached XP level 3. HP: 28/28 MP: 4/4
   917 | D:2      | Reached skill level 1 in Invocations
   942 | D:2      | Noticed Sigmund
   959 | D:2      | Noticed an ogre
   974 | D:2      | Killed an ogre
   974 | D:2      | Reached skill level 1 in Short Blades
   974 | D:2      | Reached skill level 1 in Long Blades
   974 | D:2      | Reached skill level 1 in Axes
   974 | D:2      | Reached skill level 1 in Polearms
   974 | D:2      | Reached skill level 1 in Staves
   974 | D:2      | Reached skill level 1 in Slings
   974 | D:2      | Reached skill level 1 in Bows
   974 | D:2      | Reached skill level 1 in Crossbows
   974 | D:2      | Reached skill level 1 in Dodging
   974 | D:2      | Reached skill level 1 in Stealth
   974 | D:2      | Reached skill level 1 in Shields
   974 | D:2      | Reached skill level 1 in Unarmed Combat
   974 | D:2      | Reached skill level 1 in Spellcasting
   974 | D:2      | Reached skill level 1 in Conjurations
   974 | D:2      | Reached skill level 1 in Hexes
   974 | D:2      | Reached skill level 1 in Charms
   974 | D:2      | Reached skill level 1 in Summonings
   974 | D:2      | Reached skill level 1 in Necromancy
   974 | D:2      | Reached skill level 1 in Translocations
   974 | D:2      | Reached skill level 1 in Transmutations
   974 | D:2      | Reached skill level 1 in Fire Magic
   974 | D:2      | Reached skill level 1 in Ice Magic
   974 | D:2      | Reached skill level 1 in Air Magic
   974 | D:2      | Reached skill level 1 in Earth Magic
   974 | D:2      | Reached skill level 1 in Poison Magic
   974 | D:2      | Reached XP level 4. HP: 4/34 MP: 4/6
   974 | D:2      | Reached XP level 5. HP: 5/40 MP: 4/7
  1363 | D:2      | Killed Sigmund
  1363 | D:2      | Reached XP level 6. HP: 41/47 MP: 8/8
  1540 | D:2      | Noticed Jessica
  1546 | D:2      | Killed Jessica
  1984 | D:3      | Found a deep blue altar of Sif Muna.
  2241 | D:3      | Found an iron altar of Okawaru.
  2551 | D:4      | Reached XP level 7. HP: 26/52 MP: 10/10
  3127 | D:4      | Noticed PeterLawrence's ghost (novice GrFi)
  3132 | D:4      | Killed PeterLawrence's ghost
  3132 | D:4      | Reached skill level 9 in Armour
  3132 | D:4      | Reached XP level 8. HP: 48/60 MP: 10/12
  3385 | D:4      | HP: 3/60 [elf skeleton (2)]
  3820 | D:4      | Noticed Natasha
  3829 | D:4      | Killed Natasha
  4069 | D:4      | Noticed Natasha
  4079 | D:4      | Killed Natasha
  4488 | D:4      | Noticed Natasha
  4493 | D:4      | Killed Natasha
  4508 | D:5      | Entered Level 5 of the Dungeon
  4611 | D:5      | HP: 3/60 [poisoned by a water moccasin]
  4939 | D:5      | Found a staircase to the Ecumenical Temple.
  4951 | D:5      | Reached XP level 9. HP: 57/65 MP: 14/14
  4957 | Temple   | Entered the Ecumenical Temple
  5050 | Temple   | Became a worshipper of Cheibriados the Contemplative
  5192 | D:5      | Noticed Ijyb
  5205 | D:5      | Killed Ijyb
  5356 | D:5      | Found Poamirch's Assorted Antiques.
  5563 | D:6      | Found a radiant altar of Vehumet.
  5740 | D:6      | Found a blossoming altar of Fedhas.
  5770 | D:6      | Reached * piety under Cheibriados
  6251 | D:6      | Reached skill level 5 in Fighting
  6251 | D:6      | Reached skill level 5 in Throwing
  6251 | D:6      | Reached skill level 5 in Evocations
  6342 | D:6      | Found a glowing silver altar of Zin.
  6940 | D:6      | Found a runed door.
  6944 | D:6      | Noticed Crazy Yiuf
  6945 | D:6      | Found the +6 shillelagh "Devastator" {shatter}
  6951 | D:6      | Killed Crazy Yiuf
  7120 | D:7      | Reached ** piety under Cheibriados
  7124 | D:7      | Reached skill level 5 in Invocations
  7151 | D:7      | Noticed Joseph
  7163 | D:7      | Reached XP level 10. HP: 46/74 MP: 17/17
  7166 | D:7      | Killed Joseph
  7328 | D:7      | Reached skill level 5 in Short Blades
  7328 | D:7      | Reached skill level 5 in Long Blades
  7328 | D:7      | Reached skill level 5 in Axes
  7328 | D:7      | Reached skill level 5 in Polearms
  7328 | D:7      | Reached skill level 5 in Staves
  7328 | D:7      | Reached skill level 5 in Slings
  7328 | D:7      | Reached skill level 5 in Bows
  7328 | D:7      | Reached skill level 5 in Crossbows
  7328 | D:7      | Reached skill level 5 in Dodging
  7328 | D:7      | Reached skill level 5 in Stealth
  7328 | D:7      | Reached skill level 5 in Shields
  7328 | D:7      | Reached skill level 5 in Unarmed Combat
  7328 | D:7      | Reached skill level 5 in Spellcasting
  7498 | D:7      | Found a bloodstained altar of Trog.
  7738 | D:8      | Noticed Grum
  7743 | D:8      | Killed Grum
  7744 | D:8      | Noticed a two-headed ogre
  7750 | D:8      | Killed a two-headed ogre
  7750 | D:8      | Reached skill level 10 in Armour
  7751 | D:8      | Noticed a two-headed ogre
  7755 | D:8      | Killed a two-headed ogre
  7821 | D:8      | Reached *** piety under Cheibriados
  8196 | D:8      | Noticed Maurice
  8198 | D:8      | Noticed Gastronok
  8206 | D:8      | Killed Maurice
  8217 | D:8      | Killed Gastronok
  8217 | D:8      | Reached XP level 11. HP: 29/83 MP: 18/20
  8601 | D:8      | Found a shimmering altar of Xom.
  8758 | D:9      | Reached skill level 5 in Conjurations
  8758 | D:9      | Reached skill level 5 in Hexes
  8758 | D:9      | Reached skill level 5 in Charms
  8758 | D:9      | Reached skill level 5 in Summonings
  8758 | D:9      | Reached skill level 5 in Necromancy
  8758 | D:9      | Reached skill level 5 in Translocations
  8758 | D:9      | Reached skill level 5 in Transmutations
  8758 | D:9      | Reached skill level 5 in Fire Magic
  8758 | D:9      | Reached skill level 5 in Ice Magic
  8758 | D:9      | Reached skill level 5 in Air Magic
  8758 | D:9      | Reached skill level 5 in Earth Magic
  8758 | D:9      | Reached skill level 5 in Poison Magic
  8796 | D:9      | Found a sparkling altar of Nemelex Xobeh.
  8818 | D:9      | Noticed xccam's ghost (novice GnWn)
  8838 | D:9      | Killed xccam's ghost
  9065 | D:9      | Reached **** piety under Cheibriados
  9114 | D:9      | Noticed a two-headed ogre
  9118 | D:9      | Killed a two-headed ogre
  9209 | D:9      | Found a staircase to the Lair.
  9267 | D:9      | Found a basalt altar of Yredelemnul.
  9546 | D:9      | Found an ancient bone altar of Kikubaaqudgha.
  9559 | D:9      | Found a glowing silver altar of Zin.
  9560 | D:9      | Found a hazy altar of Hepliaklqana.
  9940 | D:10     | Entered Level 10 of the Dungeon
  9957 | D:10     | Found a staircase to the Orcish Mines.
  9962 | D:10     | Reached ***** piety under Cheibriados
 10122 | D:10     | Reached XP level 12. HP: 88/91 MP: 22/22
 10167 | D:10     | Noticed a two-headed ogre
 10171 | D:10     | Killed a two-headed ogre
 10884 | D:11     | Noticed a two-headed ogre
 10891 | D:11     | Killed a two-headed ogre
 10891 | D:11     | Reached skill level 11 in Armour
 10902 | D:11     | Noticed EvilAshe's ghost (journeyman CeGl)
 10908 | D:11     | Noticed a two-headed ogre
 10919 | D:11     | Killed a two-headed ogre
 10923 | D:11     | Killed EvilAshe's ghost
 11956 | D:12     | Reached skill level 10 in Maces & Flails
 12024 | D:12     | Noticed a two-headed ogre
 12032 | D:12     | Killed a two-headed ogre
 12053 | D:12     | Learned a level 1 spell: Apportation
 12533 | D:13     | Reached XP level 13. HP: 98/98 MP: 24/24
 12534 | D:13     | Found a flagged portal.
 12544 | Bailey   | Entered a bailey
 12602 | Bailey   | Reached ****** piety under Cheibriados
 13617 | Lair:1   | Entered Level 1 of the Lair of Beasts
 14144 | Lair:1   | Got an ichor-stained war axe
 14145 | Lair:1   | Identified the +12 war axe of the Original Sin {freeze, Str+2 Dex+2} (You found it on level 1 of the Lair of Beasts)
 15502 | Lair:3   | Found a staircase to the Swamp.
 15582 | Lair:3   | Found a hole to the Spider Nest.
 15689 | Lair:3   | Gained mutation: Your natural rate of healing is unusually fast. [potion of mutation]
 15689 | Lair:3   | Gained mutation: Your spells are a little easier to cast, but a little less powerful. [potion of mutation]
 15689 | Lair:3   | Gained mutation: Your spells are easier to cast, but less powerful. [potion of mutation]
 15689 | Lair:3   | Gained mutation: You possess an exceptional clarity of mind. [potion of mutation]
 15879 | Lair:3   | Reached XP level 14. HP: 98/108 MP: 26/26
 16247 | Lair:4   | Found a labyrinth entrance.
 16278 | Lab      | Entered a labyrinth
 16736 | Lab      | Reached skill level 12 in Armour
 16744 | Lab      | Identified Wygg's Collected Works on Ghastly Attacks
 17964 | Lair:5   | Reached skill level 10 in Invocations
 18930 | Lair:6   | Entered Level 6 of the Lair of Beasts
 19115 | Lair:6   | Reached XP level 15. HP: 114/115 MP: 28/28
 19195 | Lair:6   | Reached skill level 10 in Fighting
 19195 | Lair:6   | Reached skill level 10 in Throwing
 19195 | Lair:6   | Reached skill level 10 in Evocations
 19283 | Lair:6   | Got an ancient jade ring
 19285 | Lair:6   | Identified the ring of Darkness {rF+ rN+ Int+3} (You found it on level 6 of the Lair of Beasts)
 19735 | Lair:6   | Found a staircase to the Slime Pits.
 19772 | Lair:6   | Identified a scroll of acquirement
 19773 | Lair:6   | Got a bloodstained plate armour
 19784 | Lair:6   | Identified the +6 plate armour of Yredelemnul's Favour {rElec MP+9 Int-5 Dex+2} (You acquired it on level 6 of the Lair of Beasts)
 20230 | Orc:1    | Entered Level 1 of the Orcish Mines
 20267 | Orc:1    | Noticed Erolcha
 20270 | Orc:1    | Killed Erolcha
 20329 | Orc:1    | Found a roughly hewn altar of Beogh.
 20409 | Orc:1    | Found a frozen archway.
 20426 | IceCv    | Entered an ice cave
 20588 | IceCv    | Reached skill level 10 in Short Blades
 20588 | IceCv    | Reached skill level 10 in Long Blades
 20588 | IceCv    | Reached skill level 10 in Axes
 20588 | IceCv    | Reached skill level 10 in Polearms
 20588 | IceCv    | Reached skill level 10 in Staves
 20588 | IceCv    | Reached skill level 10 in Slings
 20588 | IceCv    | Reached skill level 10 in Bows
 20588 | IceCv    | Reached skill level 10 in Crossbows
 20588 | IceCv    | Reached skill level 10 in Dodging
 20588 | IceCv    | Reached skill level 10 in Stealth
 20588 | IceCv    | Reached skill level 10 in Shields
 20588 | IceCv    | Reached skill level 10 in Unarmed Combat
 20588 | IceCv    | Reached skill level 10 in Spellcasting
 20703 | IceCv    | Noticed a frost giant
 20732 | IceCv    | Killed a frost giant
 20888 | Orc:1    | Noticed Josephine
 20895 | Orc:1    | Killed Josephine
 21089 | Orc:1    | Noticed Fannar
 21099 | Orc:1    | Killed Fannar
 21235 | Orc:2    | Entered Level 2 of the Orcish Mines
 21236 | Orc:2    | Found a staircase to the Elven Halls.
 21382 | Orc:2    | Reached XP level 16. HP: 60/124 MP: 30/30
 21502 | Orc:2    | Found a roughly hewn altar of Beogh.
 21537 | Orc:2    | Found Nept's Food Boutique.
 21537 | Orc:2    | Found Lufailo's Book Shoppe.
 21569 | Orc:2    | Reached skill level 13 in Armour
 21830 | Orc:2    | Found Imisoew's Antique Weapon Boutique.
 21830 | Orc:2    | Found Seratt's Distillery.
 22830 | D:13     | Found the sheer robe
 23132 | D:14     | Found a gate to the Vaults.
 23188 | D:14     | Found a shadowy altar of Dithmenos.
 23647 | D:15     | Entered Level 15 of the Dungeon
 23778 | D:15     | Noticed Agnes
 23793 | D:15     | Killed Agnes
 23910 | D:15     | Got a smoking helmet
 23921 | D:15     | Identified the +2 helmet of Somewhere Else {*Drain rElec rF+} (You acquired it on level 15 of the Dungeon)
 23939 | D:15     | Noticed Roxanne
 23979 | D:15     | Killed Roxanne
 23987 | D:15     | Learned a level 4 spell: Summon Lightning Spire
 23993 | D:15     | Learned a level 5 spell: Lee's Rapid Deconstruction
 24069 | D:15     | Found the +3 giant club "Skullcrusher" {speed, Str+7}
 24076 | D:15     | Noticed Louise
 24271 | D:15     | Found a staircase to the Depths.
 24442 | D:15     | Killed Louise
 24442 | D:15     | Reached XP level 17. HP: 123/131 MP: 32/32
 24786 | Swamp:1  | Entered Level 1 of the Swamp
 25515 | Swamp:2  | Noticed Jorgrun
 25524 | Swamp:2  | Killed Jorgrun
 27061 | Swamp:4  | Entered Level 4 of the Swamp
 27226 | Swamp:4  | Reached skill level 10 in Conjurations
 27226 | Swamp:4  | Reached skill level 10 in Hexes
 27226 | Swamp:4  | Reached skill level 10 in Charms
 27226 | Swamp:4  | Reached skill level 10 in Summonings
 27226 | Swamp:4  | Reached skill level 10 in Necromancy
 27226 | Swamp:4  | Reached skill level 10 in Translocations
 27226 | Swamp:4  | Reached skill level 10 in Transmutations
 27226 | Swamp:4  | Reached skill level 10 in Fire Magic
 27226 | Swamp:4  | Reached skill level 10 in Ice Magic
 27226 | Swamp:4  | Reached skill level 10 in Air Magic
 27226 | Swamp:4  | Reached skill level 10 in Earth Magic
 27226 | Swamp:4  | Reached skill level 10 in Poison Magic
 27242 | Swamp:4  | Reached skill level 14 in Armour
 27242 | Swamp:4  | Reached XP level 18. HP: 88/140 MP: 20/33
 27660 | Swamp:4  | Noticed the 27-headed Lernaean hydra
 27663 | Swamp:4  | Killed the 27-headed Lernaean hydra
 27672 | Swamp:4  | Got a glittering amethyst amulet
 27673 | Swamp:4  | Identified the amulet of Agyl {Acrobat rPois rF+} (You found it on level 4 of the Swamp)
 27703 | Swamp:4  | Got a decaying rune of Zot
 28139 | Spider:1 | Entered Level 1 of the Spider Nest
 28411 | Spider:1 | Noticed Aizul
 28423 | Spider:1 | Killed Aizul
 28487 | Spider:1 | Noticed Kirke
 28500 | Spider:1 | Killed Kirke
 28643 | Spider:1 | Learned a level 5 spell: Fireball
 29493 | Spider:3 | Noticed Arachne
 29510 | Spider:3 | Killed Arachne
 29831 | Spider:3 | Reached XP level 19. HP: 137/147 MP: 35/35
 29954 | Spider:3 | Got a shimmering scimitar
 29955 | Spider:3 | Identified the +7 scimitar of Umase {pain, rElec Str+8} (You found it on level 3 of the Spider Nest)
 30034 | Spider:4 | Entered Level 4 of the Spider Nest
 30151 | Spider:4 | Paralysed by the power of Zot for 4 turns
 30731 | Spider:4 | Got a gossamer rune of Zot
 31125 | Vaults:1 | Entered Level 1 of the Vaults
 31769 | Vaults:1 | Learned a level 5 spell: Borgnjor's Vile Clutch
 32192 | Vaults:1 | Reached XP level 20. HP: 156/156 MP: 36/36
 32560 | Vaults:2 | Reached skill level 15 in Armour
 32586 | Vaults:2 | Found Fuqaed's Gadget Shoppe.
 32712 | Vaults:2 | Cast into level 2 of the Abyss (a deep elf demonologist)
 32749 | Abyss:2  | Gained mutation: You are occasionally teleported next to monsters. [a neqoxec]
 32764 | Abyss:2  | Lost mutation: You are occasionally teleported next to monsters. [potion of mutation]
 32764 | Abyss:2  | Lost mutation: Your spells are easier to cast, but less powerful. [potion of mutation]
 32764 | Abyss:2  | Lost mutation: You possess an exceptional clarity of mind. [potion of mutation]
 32764 | Abyss:2  | Gained mutation: You are partially covered in slimy green scales. (AC +2) [potion of mutation]
 32764 | Abyss:2  | Gained mutation: You have large cloven feet. [potion of mutation]
 32961 | Abyss:2  | Gained mutation: You are dopey. (Int -2) [a cacodemon]
 33009 | Abyss:3  | Got a coiled steel ring
 33010 | Abyss:3  | Identified the ring of Gouczui {rPois rF- rN+ Int-5 Dex+9} (You found it on level 3 of the Abyss)
 33181 | Abyss:3  | Gained mutation: You occasionally shout uncontrollably at your foes. [a neqoxec]
 33182 | Abyss:3  | Gained mutation: You expend magic power (3 MP) to strengthen your wands. [a neqoxec]
 33234 | Vaults:2 | Escaped the Abyss
 33847 | Vaults:2 | Paralysed by a sphinx for 5 turns
 34906 | Vaults:3 | Reached XP level 21. HP: 164/164 MP: 38/38
 35263 | Vaults:3 | Found a staircase to the Crypt.
 35263 | Vaults:3 | Found an ancient bone altar of Kikubaaqudgha.
 35264 | Vaults:3 | Found a basalt altar of Yredelemnul.
 35320 | Vaults:3 | Got a jewelled plate armour
 35321 | Vaults:3 | Identified the +5 plate armour of Xedac {Int+3} (You took it off a death knight on level 3 of the Vaults)
 35418 | Vaults:3 | Found Asupp's Book Boutique.
 36083 | Vaults:4 | Found Umill's Jewellery Boutique.
 36083 | Vaults:4 | Found a magical portal.
 36111 | WizLab   | Entered Lehudib's Moon Base
 36150 | WizLab   | Paralysed by a great orb of eyes for 5 turns
 36191 | WizLab   | Paralysed by accursed screaming for 1 turns
 36197 | WizLab   | Paralysed by accursed screaming for 1 turns
 36299 | WizLab   | Reached skill level 15 in Maces & Flails
 36308 | WizLab   | Found a transporter.
 36350 | WizLab   | Identified Lehudib's Catalogue of the Mountains and Battle Magic
 36784 | WizLab   | Reached skill level 15 in Invocations
 36984 | WizLab   | Gained mutation: Scrolls take you a little longer to read. [a cacodemon]
 37087 | WizLab   | Paralysed by accursed screaming for 1 turns
 37293 | WizLab   | Paralysed by accursed screaming for 1 turns
 37451 | WizLab   | Found a transporter.
 37491 | WizLab   | Lost mutation: Your spells are a little easier to cast, but a little less powerful. [a neqoxec]
 37494 | WizLab   | Gained mutation: You are very dopey. (Int -4) [a neqoxec]
 37494 | WizLab   | Gained mutation: Armour fits poorly on your strangely shaped body. [a neqoxec]
 37731 | Vaults:4 | Reached XP level 22. HP: 155/173 MP: 21/40
 37777 | Vaults:4 | Reached skill level 16 in Armour
 39104 | Elf:1    | Entered Level 1 of the Elven Halls
 39107 | Elf:1    | You fall through a shaft!
 39145 | Elf:2    | Found a runed gate.
 39145 | Elf:2    | Found a runed gate.
 39145 | Elf:2    | Found a runed gate.
 39180 | Elf:2    | Cast into level 2 of the Abyss (trident of distortion)
 39193 | Elf:2    | Escaped the Abyss
 39952 | Elf:1    | Found a deep blue altar of Sif Muna.
 40201 | Elf:1    | Found Cown's Antique Weapon Shoppe.
 40317 | Elf:1    | Identified the Volume of Darkness
 40323 | Elf:1    | Learned a level 3 spell: Regeneration
 40789 | Elf:3    | Entered Level 3 of the Elven Halls
 40806 | Elf:3    | Noticed Bai Suzhen
 40821 | Elf:3    | Killed Bai Suzhen
 40837 | Elf:3    | Reached XP level 23. HP: 167/180 MP: 41/41
 40966 | Elf:3    | Identified the Guide on Creative Ice
 41148 | Elf:3    | Reached skill level 15 in Fighting
 41148 | Elf:3    | Reached skill level 15 in Throwing
 41148 | Elf:3    | Reached skill level 15 in Evocations
 41148 | Elf:3    | Cast into level 3 of the Abyss (a deep elf demonologist)
 41169 | Abyss:3  | Found a corrupted altar of Lugonu.
 41720 | Abyss:4  | Noticed an ancient lich
 41731 | Abyss:4  | Killed an ancient lich
 41740 | Abyss:4  | Reached skill level 15 in Short Blades
 41740 | Abyss:4  | Reached skill level 15 in Long Blades
 41740 | Abyss:4  | Reached skill level 15 in Axes
 41740 | Abyss:4  | Reached skill level 15 in Polearms
 41740 | Abyss:4  | Reached skill level 15 in Staves
 41740 | Abyss:4  | Reached skill level 15 in Slings
 41740 | Abyss:4  | Reached skill level 15 in Bows
 41740 | Abyss:4  | Reached skill level 15 in Crossbows
 41740 | Abyss:4  | Reached skill level 15 in Dodging
 41740 | Abyss:4  | Reached skill level 15 in Stealth
 41740 | Abyss:4  | Reached skill level 15 in Shields
 41740 | Abyss:4  | Reached skill level 15 in Unarmed Combat
 41740 | Abyss:4  | Reached skill level 15 in Spellcasting
 41793 | Abyss:4  | Gained mutation: Scrolls take you longer to read. [a cacodemon]
 42083 | Elf:3    | Escaped the Abyss
 42243 | Elf:3    | Cast into level 2 of the Abyss (a ghostly deep elf demonologist)
 42425 | Abyss:2  | Reached XP level 24. HP: 154/189 MP: 42/42
 42631 | Elf:3    | Escaped the Abyss
 42651 | Elf:3    | Reached skill level 17 in Armour
 42659 | Elf:3    | Got a transparent demon trident {freeze}
 42713 | Elf:3    | Learned a level 5 spell: Aura of Abjuration
 42716 | Elf:3    | Identified Sif Muna's Reference Book on the Assistive Snowflakes
 42737 | Elf:3    | Got a flickering lapis lazuli ring
 42740 | Elf:3    | Identified the ring "Dihit" {rElec rC- MR+ Int+6} (You found it on level 3 of the Elven Halls)
 42743 | Elf:3    | Identified the cursed +0 demon trident "Teaphass" {freeze, Dex+4} (You took it off a deep elf high priest on level 3 of the Elven Halls)
 42831 | Elf:3    | Got a flickering granite ring
 42834 | Elf:3    | Identified the ring of the Princess {Str+5 Stlth+} (You took it off a deep elf death mage on level 3 of the Elven Halls)
 43090 | Elf:3    | Found a portal to a secret trove of treasure.
 43159 | Elf:3    | Found Nuico's Distillery.
 43162 | Elf:3    | Bought a potion of heal wounds for 70 gold pieces
 43162 | Elf:3    | Bought a potion of curing for 42 gold pieces
 43162 | Elf:3    | Bought a potion of curing for 42 gold pieces
 43162 | Elf:3    | Bought a potion of heal wounds for 70 gold pieces
 43749 | Vaults:4 | Lost mutation: You occasionally shout uncontrollably at your foes. [potion of mutation]
 43749 | Vaults:4 | Lost mutation: Armour fits poorly on your strangely shaped body. [potion of mutation]
 43749 | Vaults:4 | Gained mutation: You evolve. [potion of mutation]
 43749 | Vaults:4 | Gained mutation: You can translocate small distances at will. [potion of mutation]
 43751 | Vaults:5 | Entered Level 5 of the Vaults
 44361 | Vaults:5 | Noticed an ancient lich
 44374 | Vaults:5 | HP: 2/191 [vault warden collision (23)]
 44374 | Vaults:5 | Slain by an ancient lich

Vault maps used:
D:1:      dpeg_arrival_rooms_a, serial_bayou_lagoon_a, hex_large
D:2:      corner_web_ring, grunt_decor_one_mirror, uniq_jessica, uniq_sigmund
D:3:      tgw_sif, columned_hall_lemuel, kennysheep_pointless_box,
          okawaru_trees_1
D:4:      nicolae_ossuary_entry_catacombs, uniq_natasha
D:5:      black_bear_nest_2, minmay_temple_entry_junction, first_ration,
          serial_shops, shop, uniq_ijyb
D:6:      vehumet_altar_wand_db, lemuel_crystal_altar, basic_altar,
          uniq_crazy_yiuf_cottage
D:7:      trog_ov_bears_minmay, uniq_joseph
D:8:      kb_xom_exploding_sheep, disabler_island, uniq_maurice, uniq_grum,
          uniq_gastronok
D:9:      lemuel_mausoleum_altar_yredelemnul,
          chequers_temple_overflow_statue_of_worship, old_standard_altar,
          nicolae_overflow_crystal_walls, david_lair_generic,
          nrook_loot_triangle
D:10:     david_orc_3
D:13:     enter_bailey_7, minivault_23
D:14:     lightli_vaults_fourway_checkpoint, grunt_dithmenos_smoke
D:15:     hangedman_depths_entry_try_elsewhere_first, small_statue_intersection,
          minmay_guarded_unrand_skullcrusher, uniq_louise, uniq_roxanne,
          uniq_agnes
Temple:   oiseaux_autumnal_temple
Lair:2:   regret_index_tunnel_blossom, ldierk_geyser
Lair:3:   swamp_mist_pool, nicolae_spider_entry_non_spiders
Lair:4:   lab_entry_generic
Lair:5:   dpeg_oklob_gauntlet, roderic_batcave, bobbens_dragon_lair_wall
Lair:6:   grunt_lair_end_beastmaster, minmay_slime_entry_pillars, ice2_lemuel
Swamp:1:  evilmike_swamp_ruin_house_2, swamp_pool2
Swamp:2:  nicolae_swamp_treefoil, swamp_pool2, uniq_jorgrun
Swamp:3:  serial_swamp_ruin, evilmike_swamp_ruin_rubble_2,
          evilmike_swamp_ruin_house_6, swamp_pool5,
          nicolae_swamp_necromancer_hut
Swamp:4:  grunt_swamp_rune_castle, swamp_pool3, lightli_tree_ring
Spider:1: uniq_kirke, uniq_aizul
Spider:2: hangedman_spider_tarantella_strand
Spider:3: spiders_nest_a, uniq_arachne
Spider:4: grunt_spider_rune_island, nicolae_spider_stair_cavern
Orc:1:    portal_ice_cave_demonic_guard, lemuel_statue_altar, uniq_erolcha,
          uniq_josephine, uniq_fannar
Orc:2:    st_orc_town, nicolae_orc_lava_room
Elf:1:    elf_arrival_001, serial_shops,
          nicolae_shop_temple_entry_statues_fountains, basic_altar,
          minmay_elf_necromancy
Elf:3:    grunt_elf_hall_asides, serial_shops, nicolae_shop_behind_doors,
          trove_entry_hex_spiral, uniq_bai_suzhen
Vaults:1: nicolae_vaults_quadrants, ontoclasm_vaults_tryst,
          nicolae_vaults_sealed_display, nicolae_vaults_back_hallway,
          dpeg_vaults_monster_row, nicolae_vaults_angled_halls,
          dpeg_vaults_monster_box
Vaults:2: grunt_vaults_funneled_arena, v_misc_24, v_misc_17, v_pattern_5,
          hangedman_vaults_restitches, v_misc_24, ontoclasm_vaults_twist,
          nicolae_vaults_yaktaur_gun_rack, vaults_dpeg_diagonal,
          vaults_room_door_ring, serial_shops, shop,
          portal_desolation_entry_garden
Vaults:3: v_misc_10, hangedman_vaults_stretched_pinwheel,
          nicolae_vaults_triangles, minmay_crypt_entry_necro_gods,
          nicolae_vaults_specimen_jars, grunt_vaults_hallway_short,
          nicolae_vaults_big_angled_halls, hangedman_vaults_stitches, v_misc_8,
          serial_ice_m, vaults_room_grid, nicolae_vaults_bisected_slash,
          nicolae_vaults_gold_heap, serial_shops, shop
Vaults:4: hangedman_vaults_impose, ontoclasm_vaults_loading_screen, v_pattern_3,
          grunt_vaults_hallway_long, grunt_vaults_focal, grunt_vaults_funnel,
          nicolae_vaults_alarming, v_misc_8, st_star,
          nicolae_vaults_border_crossing, v_misc_30,
          infiniplex_enter_wizlab_glasses, serial_shops, shop
Abyss:2:  abyss_furniture_001
Abyss:3:  minivault_25_ag, eino_small_chamber_without_monster,
          hangedman_stitches_earthworm,
          evilmike_nicolae_abyss_rune_betentacled_crabyss
Abyss:4:  hangedman_decor_lopped, hangedman_abyss_or_decor_stabs,
          evilmike_abyss_rune_siren_acolytes, bh_abyss_exit_choice,
          hangedman_abyss_or_decor_stagger
Lab:      labyrinth_fake_exit, nicolae_lab_x, lab_block, nicolae_lab_lava
Bailey:   bailey_polearm_4, bailey
IceCv:    ice_cave_caverns_03
WizLab:   wizlab_lehudib

Skill      XL: |  1  2  3  4  5  6  7  8  9 10 11 12 13 14 15 16 17 18 19 20 21 22 23 24 |
---------------+-------------------------------------------------------------------------+-----
Invocations    | 1 2 3 4 5 6 7 8 9 10 11 12 13 14 15 16 | 16.8
Short Blades   | 1 2 3 4 6 7 8 9 10 11 12 13 14 15 | 15.6
Long Blades    | 1 2 3 4 6 7 8 9 10 11 12 13 14 15 | 15.6
Axes           | 1 2 3 4 6 7 8 9 10 11 12 13 14 15 | 15.6
Polearms       | 1 2 3 4 6 7 8 9 10 11 12 13 14 15 | 15.6
Staves         | 1 2 3 4 6 7 8 9 10 11 12 13 14 15 | 15.6
Slings         | 1 2 3 4 6 7 8 9 10 11 12 13 14 15 | 15.6
Bows           | 1 2 3 4 6 7 8 9 10 11 12 13 14 15 | 15.6
Crossbows      | 1 2 3 4 6 7 8 9 10 11 12 13 14 15 | 15.6
Dodging        | 1 2 3 4 6 7 8 9 10 11 12 13 14 15 | 15.6
Stealth        | 1 2 3 4 6 7 8 9 10 11 12 13 14 15 | 15.6
Shields        | 1 2 3 4 6 7 8 9 10 11 12 13 14 15 | 15.6
Unarmed Combat | 1 2 3 4 6 7 8 9 10 11 12 13 14 15 | 15.6
Spellcasting   | 1 2 3 4 6 7 8 9 10 11 12 13 14 15 | 15.6
Conjurations   | 1 2 3 4 5 6 7 8 9 10 11 12 13 | 13.4
Hexes          | 1 2 3 4 5 6 7 8 9 10 11 12 13 | 13.4
Charms         | 1 2 3 4 5 6 7 8 9 10 11 12 13 | 13.4
Summonings     | 1 2 3 4 5 6 7 8 9 10 11 12 13 | 13.4
Necromancy     | 1 2 3 4 5 6 7 8 9 10 11 12 13 | 13.4
Translocations | 1 2 3 4 5 6 7 8 9 10 11 12 13 | 13.4
Transmutations | 1 2 3 4 5 6 7 8 9 10 11 12 13 | 13.4
Fire Magic     | 1 2 3 4 5 6 7 8 9 10 11 12 13 | 13.4
Ice Magic      | 1 2 3 4 5 6 7 8 9 10 11 12 13 | 13.4
Air Magic      | 1 2 3 4 5 6 7 8 9 10 11 12 13 | 13.4
Earth Magic    | 1 2 3 4 5 6 7 8 9 10 11 12 13 | 13.4
Poison Magic   | 1 2 3 4 5 6 7 8 9 10 11 12 13 | 13.4
Fighting       | 3 4 5 6 7 8 9 10 11 12 13 14 15 | 15.8
Throwing       | 3 4 5 6 7 8 9 10 11 12 13 14 15 | 15.8
Evocations     | 3 4 5 6 7 8 9 10 11 12 13 14 15 | 15.8
Maces & Flails | 7 8 9 10 11 12 13 14 15 16 | 16.6
Armour         | 9 10 11 12 13 14 15 16 17 | 17.2

Action                   |  1- 3 |  4- 6 |  7- 9 | 10-12 | 13-15 | 16-18 | 19-21 | 22-24 || total
-------------------------+-------+-------+-------+-------+-------+-------+-------+-------++-------
Melee: Mace              |   160 |   203 |    13 |       |       |       |       |       ||   376
       Bite              |    13 |    15 |    51 |    78 |   203 |   252 |   344 |   245 ||  1201
       Punch             |       |     1 |     5 |       |       |       |       |       ||     6
       Flail             |       |       |   356 |       |       |       |       |       ||   356
       Shillelagh        |       |       |    38 |   388 |   165 |    11 |       |       ||   602
       Long sword        |       |       |     6 |       |       |       |       |       ||     6
       War axe           |       |       |       |       |   805 |  1053 |   361 |   659 ||  2878
       Halberd           |       |       |       |       |    51 |       |       |       ||    51
       Eveningstar       |       |       |       |       |       |    90 |       |       ||    90
       Unarmed           |       |       |       |       |       |     1 |       |       ||     1
       Scimitar          |       |       |       |       |       |       |  1017 |   329 ||  1346
Throw: Stone             |       |       |    17 |       |       |       |       |       ||    17
       Tomahawk          |       |       |       |    19 |    29 |     9 |    10 |       ||    67
       Javelin           |       |       |       |       |       |       |     8 |    46 ||    54
 Cast: Summon Lightning  |       |       |       |       |       |     4 |     2 |       ||     6
       Fireball          |       |       |       |       |       |       |     5 |       ||     5
       Borgnjor's Vile C |       |       |       |       |       |       |     6 |     1 ||     7
       Regeneration      |       |       |       |       |       |       |       |    18 ||    18
Invok: Slouch            |       |       |       |       |     4 |    17 |    11 |    22 ||    54
       Step From Time    |       |       |       |       |       |     1 |       |       ||     1
Evoke: Wand              |       |     2 |     6 |     6 |    17 |       |     3 |       ||    34
       Phantom mirror    |       |       |       |       |       |     1 |       |       ||     1
  Use: Potion            |     3 |       |     1 |     1 |     5 |     5 |     8 |     7 ||    30
       Scroll            |       |       |    13 |    11 |    16 |     8 |     6 |    10 ||    64
 Stab: Paralysed         |       |       |       |       |     4 |       |       |       ||     4
       Sleeping          |       |       |       |       |     1 |     2 |     7 |     5 ||    15
       Distracted        |       |       |       |       |     3 |     4 |     4 |     5 ||    16
       Petrifying        |       |       |       |       |     1 |       |       |       ||     1
       Petrified         |       |       |       |       |     1 |       |       |       ||     1
       Confused          |       |       |       |       |       |     2 |       |       ||     2
       Held in net/web   |       |       |       |       |       |     1 |       |       ||     1
  Eat: Ration            |       |     1 |     1 |     1 |     4 |     3 |     5 |     4 ||    19
       Chunk             |       |     2 |    10 |     9 |     9 |    11 |     5 |     3 ||    49
Armor: Scale mail        |    41 |   113 |   107 |       |       |       |       |       ||   261
       Skin              |    19 |    14 |       |       |       |       |       |       ||    33
       Plate armour      |       |       |    93 |    77 |   292 |   445 |   249 |   192 ||  1348
Dodge: Dodged            |    46 |   107 |   185 |   127 |   390 |   837 |   662 |   459 ||  2813
Block: Other             |       |     6 |    29 |     1 |     2 |       |       |       ||    38
       Reflection        |       |       |     1 |    15 |    20 |    66 |    89 |    75 ||   266
       Shield            |       |       |       |   279 |   970 |  1616 |  1487 |  1092 ||  5444
       Rpst.: Scimitar   |       |       |       |       |       |       |    63 |    20 ||    83

Table legend:
 A = Spawn XP
 B = Non-spawn XP
 C = Spawn XP percentage of total XP
 D = Spawn monster count
 E = Non-spawn monster count
 F = Spawn count percentage of total count
 G = Total turns spent on level
                    A         B        C        D         E        F      G
               +---------+---------+-------+---------+---------+-------+---------
         Total |   48732 |  873968 |   5.3 |      99 |    2059 |   4.6 | 44374
               +---------+---------+-------+---------+---------+-------+---------
           D:1 |       0 |      51 |   0.0 |       0 |      27 |   0.0 |  1044
           D:2 |       0 |     433 |   0.0 |       0 |      18 |   0.0 |   815
           D:3 |       0 |      84 |   0.0 |       0 |      31 |   0.0 |   682
           D:4 |       0 |    1398 |   0.0 |       0 |      34 |   0.0 |  2089
           D:5 |       0 |     750 |   0.0 |       0 |      21 |   0.0 |   979
           D:6 |       0 |    1271 |   0.0 |       0 |      25 |   0.0 |  1375
           D:7 |       0 |    1698 |   0.0 |       0 |      22 |   0.0 |   634
           D:8 |       0 |    5697 |   0.0 |       0 |      24 |   0.0 |   990
           D:9 |       0 |    5153 |   0.0 |       0 |      50 |   0.0 |  1276
          D:10 |       0 |    3247 |   0.0 |       0 |      29 |   0.0 |   898
          D:11 |       0 |    7937 |   0.0 |       0 |      38 |   0.0 |  1323
          D:12 |       0 |    3967 |   0.0 |       0 |      13 |   0.0 |   768
          D:13 |       0 |    2115 |   0.0 |       0 |      13 |   0.0 |  1182
          D:14 |       0 |   16655 |   0.0 |       0 |      54 |   0.0 |   955
          D:15 |       0 |   31314 |   0.0 |       0 |      81 |   0.0 |   948
        Lair:1 |       0 |    2402 |   0.0 |       0 |      13 |   0.0 |   964
        Lair:2 |       0 |   11245 |   0.0 |       0 |      67 |   0.0 |  1081
        Lair:3 |       0 |    5596 |   0.0 |       0 |      28 |   0.0 |  1040
        Lair:4 |       0 |    8146 |   0.0 |       0 |      31 |   0.0 |   785
        Lair:5 |       0 |   12915 |   0.0 |       0 |      40 |   0.0 |  1514
        Lair:6 |       0 |   21553 |   0.0 |       0 |      59 |   0.0 |  1109
       Swamp:1 |       0 |    6388 |   0.0 |       0 |      17 |   0.0 |   570
       Swamp:2 |       0 |   21389 |   0.0 |       0 |      50 |   0.0 |   923
       Swamp:3 |       0 |   17071 |   0.0 |       0 |      37 |   0.0 |   844
       Swamp:4 |       0 |   36752 |   0.0 |       0 |      79 |   0.0 |   983
      Spider:1 |       0 |   22537 |   0.0 |       0 |      57 |   0.0 |   580
      Spider:2 |       0 |   12600 |   0.0 |       0 |      32 |   0.0 |   644
      Spider:3 |       0 |   26697 |   0.0 |       0 |      93 |   0.0 |   553
      Spider:4 |       0 |   33921 |   0.0 |       0 |      62 |   0.0 |   795
         Orc:1 |       0 |    8251 |   0.0 |       0 |      56 |   0.0 |   675
         Orc:2 |       0 |   12378 |   0.0 |       0 |      81 |   0.0 |   806
         Elf:1 |       0 |   16985 |   0.0 |       0 |      34 |   0.0 |   846
         Elf:2 |       0 |   25442 |   0.0 |       0 |      39 |   0.0 |   881
         Elf:3 |       0 |   65069 |   0.0 |       0 |      58 |   0.0 |  1166
      Vaults:1 |       0 |   39217 |   0.0 |       0 |      67 |   0.0 |  1628
      Vaults:2 |     690 |   71625 |   1.0 |       3 |      93 |   3.1 |  1822
      Vaults:3 |       0 |   42590 |   0.0 |       0 |      58 |   0.0 |  1331
      Vaults:4 |       0 |   83059 |   0.0 |       0 |     100 |   0.0 |  1510
      Vaults:5 |       0 |   63011 |   0.0 |       0 |      57 |   0.0 |   313
       Abyss:2 |    8624 |   17113 |  33.5 |      30 |      37 |  44.8 |   667
       Abyss:3 |   10814 |   16939 |  39.0 |      23 |      48 |  32.4 |   730
       Abyss:4 |   28604 |   23981 |  54.4 |      43 |      36 |  54.4 |   461
           Lab |       0 |    2695 |   0.0 |       0 |       9 |   0.0 |   491
        Bailey |       0 |    4266 |   0.0 |       0 |      16 |   0.0 |   721
         IceCv |       0 |   11605 |   0.0 |       0 |      46 |   0.0 |   403
        WizLab |       0 |   48760 |   0.0 |       0 |      79 |   0.0 |  1470
               +---------+---------+-------+---------+---------+-------+---------
